 Dungeon Crawl Stone Soup version 0.23.1 (webtiles) character file.

Game seed: 0

29 Reinor the Sneak (level 3, -6/16 HPs)
             Began as a Spriggan Enchanter on Feb 28, 2019.
             Killed from afar by Natasha (9 damage)
             ... with a magic dart
             ... on level 2 of the Dungeon on Mar 1, 2019.
             The game lasted 00:07:18 (1125 turns).

Reinor the Sneak (Spriggan Enchanter)               Turns: 1125, Time: 00:07:20

Health: -6/16      AC:  2    Str:  4    XL:     3   Next: 1%
Magic:  7/8        EV: 18    Int: 17    God:
Gold:   126        SH:  0    Dex: 16    Spells: 4/7 levels left

rFire    . . .     SeeInvis +   a - +1 dagger
rCold    . . .     Gourm    .   (shield restricted)
rNeg     . . .     Faith    .   b - +0 robe
rPois    .         Spirit   .   (helmet restricted)
rElec    .         Reflect  .   (no cloak)
rCorr    .         Harm     .   (gloves unavailable)
MR       .....                  (boots unavailable)
Stlth    +++.......             (no amulet)
HPRegen  0.05/turn              (no ring)
MPRegen  0.11/turn              (no ring)

@: very quick
A: very small, unfitting armour, see invisible, herbivore, speed 3, slow
metabolism 2
a: no special abilities


You were on level 2 of the Dungeon.
You were not hungry.

You visited 1 branch of the dungeon, and saw 2 of its levels.

You collected 126 gold pieces.

Inventory:

Hand Weapons
 a - a +1 dagger (weapon)
 f - a +0 hunting sling
Missiles
 h - 88 stones (quivered)
Armour
 b - a +0 robe (worn)
Scrolls
 g - a scroll of teleportation {unknown}
 k - a scroll of amnesia {unknown}
 l - a scroll of magic mapping {unknown}
Potions
 c - a potion of heal wounds {unknown}
 e - 2 potions of mutation {unknown}
 i - 4 potions of curing {unknown}
 j - 2 potions of flight {unknown}
Comestibles
 d - 3 rations


   Skills:
 + Level 2.4 Short Blades
 - Level 3.0 Dodging
 + Level 5.5 Stealth
 - Level 2.6 Spellcasting
 - Level 3.6 Hexes


You had 4 spell levels left.
You knew the following spells:

 Your Spells              Type           Power        Failure   Level  Hunger
a - Corona                Hex            ##.....      4%          1    #......
b - Ensorcelled Hibernat  Hex/Ice        #.....       13%         2    ##.....

Your spell library contained the following spells:

 Spells                   Type           Power        Failure   Level  Hunger
 Confuse                  Hex            ##......     12%         3    ###....
 Tukima's Dance           Hex            ##......     12%         3    ###....
 Dazzling Spray           Conj/Hex       #.....       26%         3    ###....


Dungeon Overview and Level Annotations

Branches:
Dungeon (2/15)

Altars:

Annotations:
D:2 Natasha


Innate Abilities, Weirdness & Mutations

You are very small and have problems with some larger weapons.
You are too small for most types of armour.
You have supernaturally acute eyesight. (SInv)
You are a herbivore.
You cover ground extremely quickly.
You need to consume almost no food.


Message History

You hit Natasha.
Natasha is moderately wounded.
Natasha casts a spell.
You hit Natasha.
Natasha is heavily wounded.
Natasha misses you.
You hit Natasha.
Natasha is almost dead.
Natasha claws you!
* * * LOW HITPOINT WARNING * * *
You barely miss Natasha.
Natasha is almost dead.
Natasha misses you.
You barely miss Natasha.
Natasha is almost dead.
The crimson imp barely misses you.
Natasha stares at you and mumbles some strange words.
The magic dart hits you!
Ouch! That really hurt!
You die...

.P.P........# #.##
#..##.......# ##..##
##.###......# ######....#
.....#......# #....P.PP.
............# #...P ♣PP#
............# #.PPP♣♣P.#
........##>## ###.♣♣♣P♣.##
.........#.# #.5hP♣♣PP.#
....S#...†.####.@P♣P...#####
....<............P♣.P......#
##...###....####.....[)....#
#.... ##..)# ###.##......#
...#..# #..## ##.##..#####
####... ##...# #..#..##
#.##. ##... #.##)## #.# #.
#...# #.#).# #.# ##..##.#.##


You could see Natasha and a crimson imp.

Vanquished Creatures
  A dart slug (D:2)
  3 giant cockroaches
  3 goblins
  5 hobgoblins
  4 kobolds
  3 bats (D:1)
  3 frilled lizards
  3 rats (D:1)
25 creatures vanquished.

Notes
Turn   | Place    | Note
-------+----------+-------------------------------------------
     0 | D:1      | Reinor the Spriggan Enchanter began the quest for the Orb.
     0 | D:1      | Reached XP level 1. HP: 9/9 MP: 5/5
   291 | D:1      | Reached XP level 2. HP: 11/13 MP: 4/6
   342 | D:1      | Learned a level 2 spell: Ensorcelled Hibernation
   374 | D:1      | Reached skill level 5 in Stealth
   503 | D:1      | Upgraded the game from 0.23.0-42-geed6394480 to 0.23.1
   875 | D:2      | Noticed Natasha
   877 | D:2      | Noticed a crimson imp
  1101 | D:2      | Reached XP level 3. HP: 16/16 MP: 8/8
  1125 | D:2      | Killed from afar by Natasha

Skill      XL: |  1  2 |
---------------+-------+-----
Stealth        | 5 |  5.5
Short Blades   | 2 |  2.4
Dodging        | |  3.0
Spellcasting   | |  2.6
Hexes          | |  3.6

Action                   || total
-------------------------++-------
Melee: Dagger            ||   101
 Cast: Corona            ||     5
       Ensorcelled Hiber ||     3
 Stab: Sleeping          ||    10
Armor: Robe              ||    13
Dodge: Dodged            ||    79
